AoeStats
← JJB

Socotra

505853284Analyzed
3v3 RM · 21d ago on Sep 11, 2026· 54m 43s· 6 players
Game mode
Random Map
Map size
128×128
Population
200
Speed
Normal
Resources
Standard
Victory
Conquest
Starting age
Dark Age
Ending age
Imperial Age
RankedLock teamsTeams togetherTeam positionsShared explorationLock speedFull tech treeHidden civsTurbo modeCheats
Victory
Defeat
🇹🇼 Inca · Taiwan
1034
+16
🇹🇼 Persians · Taiwan
1030
+16
🇨🇳 Franks · China
1002
+17
🇪🇸 Sicilians · Spain
1047
-18
🇩🇪 Malay · Germany
1023
-16
🇦🇺 Japanese · Australia
1008
-15
JJB
7:30 Loom
11:06 Feudal Age
12:20 Double-Bit Axe
18:41 Castle Age
17:37 Forging
20:12 Bow Saw
29:51 Elite Skirmisher
30:34 Fletching
37:10 Husbandry
42:08 Imperial Age
40:33 Scale Barding Armor
41:04 Iron Casting
42:01 Bodkin Arrow
43:59 Chemistry
42:28 Heavy Scorpion
43:32 Padded Archer Armor
44:06 Ballistics
45:51 Wheelbarrow
46:02 Siege Engineers
48:16 Cavalier
50:55 Paladin
51:43 Scale Mail Armor
路過的黑貓
6:45 Loom
9:03 Feudal Age
11:10 Fletching
16:02 Double-Bit Axe
16:38 Arson
16:49 Horse Collar
17:38 Champi Runner
19:55 Scale Mail Armor
20:44 Forging
25:25 Castle Age
26:23 Chain Mail Armor
26:24 Squires
25:54 Champi Warrior
27:20 Iron Casting
28:07 Wheelbarrow
27:50 Bow Saw
27:57 Gold Mining
31:50 Wheelbarrow
39:27 Imperial Age
39:40 Elite Champi Warrior
40:58 Plate Mail Armor
41:46 Guard Tower
42:58 Chemistry
51:33 Hand Cart
一杯冰美式
0:40 Loom
15:37 Feudal Age
17:18 Town Watch
23:27 Castle Age
26:38 Gold Mining
27:09 Double-Bit Axe
29:14 Scale Barding Armor
33:57 Wheelbarrow
35:53 Chain Barding Armor
35:48 Husbandry
35:58 Bloodlines
38:27 Bow Saw
38:02 Horse Collar
40:09 Heavy Plow
43:01 Forging
42:23 Light Cavalry
49:24 Imperial Age
47:12 Hand Cart
49:56 Iron Casting
50:34 Hussar
53:10 Two-Man Saw
55:00 Conscription
NathiousEsp
0:37 Loom
10:48 Feudal Age
12:48 Wheelbarrow
12:04 Double-Bit Axe
24:39 Castle Age
31:26 Bow Saw
31:06 Horse Collar
33:03 Hand Cart
32:35 Town Watch
38:38 Imperial Age
41:44 Capped Ram
43:07 Siege Ram
45:32 First Crusade
45:48 Heavy Plow
46:33 Scale Mail Armor
46:43 Forging
46:24 Fletching
53:50 Pikeman
54:31 Squires
54:16 Arson
bubububu34bu
0:52 Loom
12:05 Feudal Age
16:55 Double-Bit Axe
17:13 Fletching
17:24 Padded Archer Armor
23:54 Castle Age
23:18 Elite Skirmisher
23:21 Crossbowman
24:07 Thumb Ring
24:32 Bodkin Arrow
26:27 Ballistics
32:33 Leather Archer Armor
37:08 Imperial Age
35:14 Wheelbarrow
34:25 Town Watch
36:07 Arbalester
37:05 Bracer
41:30 Bow Saw
Donegal_Dustman
3:18 Loom
11:47 Feudal Age
15:35 Feudal Age
15:49 Man-at-Arms
23:20 Horse Collar
23:27 Double-Bit Axe
35:22 Castle Age
37:12 Sanctity
37:03 Fervor
37:23 Pikeman
38:07 Gold Mining
40:07 Squires
40:25 Scale Mail Armor
40:37 Forging
44:41 Chain Mail Armor
45:01 Iron Casting
Connection lost

Rejoining the realm…

Still unreachable

The connection could not be restored.

Session expired

The server has moved on; the page needs a fresh start.